 Dungeon Crawl Stone Soup version 0.22-a0-542-gce4f928 (webtiles) character file.

251 iamserjio the Covert (level 6, -1/50 HPs)
             Began as a Gnoll Assassin on June 24, 2018.
             Slain by an orc
             ... wielding a +0 trident of venom
              (8 damage)
             ... on level 5 of the Dungeon.
             The game lasted 00:06:57 (902 turns).

iamserjio the Covert (Gnoll Assassin)                Turns: 902, Time: 00:06:58

Health: -1/50      AC:  4    Str: 14    XL:     6   Next: 13%
Magic:  8/8        EV: 11    Int: 15    God:
Gold:   139        SH:  0    Dex: 16    Spells: 8/8 levels left

rFire    . . .     SeeInvis .   y - +4 trident
rCold    . . .     Gourm    .   (no shield)
rNeg     . . .     Faith    .   c - +0 robe
rPois    .         Spirit   .   (no helmet)
rElec    .         Reflect  .   d - +0 cloak
rCorr    .         Harm     .   (no gloves)
MR       .....                  r - +0 pair of boots (curse)
Stlth    ++++......             (no amulet)
HPRegen  0.16/turn              n - ring of wizardry
MPRegen  0.11/turn              q - -2 ring of evasion (curse)

@: no status effects
A: distributed training, fangs 1, strong nose
a: no special abilities


You were on level 5 of the Dungeon.
You were not hungry.

You visited 1 branch of the dungeon, and saw 5 of its levels.

You collected 139 gold pieces.

Inventory:

Hand Weapons
 a - a +2 dagger
 b - a +0 blowgun (quivered)
 o - a +0 short sword
 y - a +4 trident (weapon)
Missiles
 e - 14 poisoned needles
 D - 5 needles of confusion
Armour
 c - a +0 robe (worn)
 d - a +0 cloak (worn)
 p - a scarf of cloud immunity
 r - a cursed +0 pair of boots (worn)
Jewellery
 m - an uncursed ring of wizardry
 n - a ring of wizardry (left hand)
 q - a cursed -2 ring of evasion (right hand)
Wands
 z - a wand of flame (29)
 A - a wand of random effects (35)
Scrolls
 l - a scroll of fog
 t - a scroll of enchant weapon
 u - a scroll of amnesia
 w - a scroll of remove curse {@r2}
 C - a scroll of random uselessness
Potions
 i - 3 potions of curing {@q1}
 k - 2 potions of mutation {unknown}
 s - 2 potions of degeneration {unknown}
 v - a potion of cancellation {unknown}
 x - a potion of heal wounds {unknown}
 B - a potion of invisibility {unknown}
Comestibles
 g - 4 rations


   Skills:
 + Level 4.9 Fighting
 + Level 4.9 Short Blades
 + Level 1.8 Long Blades
 + Level 1.8 Axes
 + Level 1.8 Maces & Flails
 + Level 1.8 Polearms
 + Level 1.8 Staves
 + Level 1.8 Slings
 + Level 1.8 Bows
 + Level 1.8 Crossbows
 + Level 4.9 Throwing
 + Level 1.8 Armour
 + Level 3.1 Dodging
 + Level 8.0 Stealth
 + Level 1.8 Shields
 + Level 1.8 Unarmed Combat
 + Level 1.8 Spellcasting
 + Level 1.4 Conjurations
 + Level 1.4 Hexes
 + Level 1.4 Charms
 + Level 1.4 Summonings
 + Level 1.4 Necromancy
 + Level 1.4 Translocations
 + Level 1.4 Transmutations
 + Level 1.4 Fire Magic
 + Level 1.4 Ice Magic
 + Level 1.4 Air Magic
 + Level 1.4 Earth Magic
 + Level 1.4 Poison Magic
 + Level 2.0 Invocations
 + Level 1.8 Evocations


You had 8 spell levels left.
You didn't know any spells.
Your spell library was empty.

Dungeon Overview and Level Annotations

Branches:
Dungeon (5/15)
 Temple: D:4-7

Altars:
Fedhas
Uskayaw


Innate Abilities, Weirdness & Mutations

Your experience applies equally to all skills.
You have very sharp teeth.
Your uncanny sense of smell can sniff out nearby items.


Message History

You feel sick. The orc barely misses you.
The orc hits you with a trident of venom!
* * * LOW HITPOINT WARNING * * *
You are lethally poisoned!
The giant cockroach bites you but does no damage.
The orc hits you with a club.
* * * LOW HITPOINT WARNING * * *
Things that are here:
a mace; an orc corpse It was a potion of curing.
You feel better. The orc closely misses you.
The giant cockroach closely misses you.
The orc hits you with a trident of venom.
* * * LOW HITPOINT WARNING * * *
Okay, then.
You hit the orc.
The orc is severely wounded.
The giant cockroach barely misses you. The orc hits you but does no damage.
The orc misses you.
The orc hits you with a trident of venom!
You die...

##.##...## ...
#........## .... .
....##....## ..... ..
#....#....#####....
...#..................
..<..............###...
#...%........<.......
#.#....oo).....###.....
#.....o@........# ....
#.....(s.......... ..
.......#..#..#...##
...(.#############
.(... #... #.. ...


You could see 3 orcs and a giant cockroach.

Vanquished Creatures
  A phantom (D:4)
  A jelly (D:5)
  An orc priest (D:3)
  An orc wizard (D:5)
  Ijyb (D:4)
  2 adders
  A leopard gecko (D:2)
  5 orcs
  6 bats
  3 giant cockroaches
  A goblin (D:2)
  7 kobolds
  A frilled lizard (D:3)
  A rat (D:1)
32 creatures vanquished.

Notes
Turn   | Place    | Note
-------+----------+-------------------------------------------
     0 | D:1      | iamserjio the Gnoll Assassin began the quest for the Orb.
     0 | D:1      | Reached XP level 1. HP: 20/20 MP: 1/1
   181 | D:2      | Found a blossoming altar of Fedhas.
   222 | D:2      | Reached XP level 2. HP: 26/26 MP: 2/2
   362 | D:3      | Reached XP level 3. HP: 25/31 MP: 3/3
   656 | D:3      | Reached skill level 1 in Long Blades
   656 | D:3      | Reached skill level 1 in Axes
   656 | D:3      | Reached skill level 1 in Maces & Flails
   656 | D:3      | Reached skill level 1 in Polearms
   656 | D:3      | Reached skill level 1 in Staves
   656 | D:3      | Reached skill level 1 in Slings
   656 | D:3      | Reached skill level 1 in Bows
   656 | D:3      | Reached skill level 1 in Crossbows
   656 | D:3      | Reached skill level 1 in Armour
   656 | D:3      | Reached skill level 1 in Shields
   656 | D:3      | Reached skill level 1 in Unarmed Combat
   656 | D:3      | Reached skill level 1 in Spellcasting
   656 | D:3      | Reached skill level 1 in Invocations
   656 | D:3      | Reached skill level 1 in Evocations
   656 | D:3      | Reached XP level 4. HP: 26/38 MP: 5/5
   725 | D:4      | Found a hide-covered altar of Uskayaw.
   737 | D:4      | Noticed Ijyb
   747 | D:4      | Killed Ijyb
   747 | D:4      | Reached skill level 1 in Conjurations
   747 | D:4      | Reached skill level 1 in Hexes
   747 | D:4      | Reached skill level 1 in Charms
   747 | D:4      | Reached skill level 1 in Summonings
   747 | D:4      | Reached skill level 1 in Necromancy
   747 | D:4      | Reached skill level 1 in Translocations
   747 | D:4      | Reached skill level 1 in Transmutations
   747 | D:4      | Reached skill level 1 in Fire Magic
   747 | D:4      | Reached skill level 1 in Ice Magic
   747 | D:4      | Reached skill level 1 in Air Magic
   747 | D:4      | Reached skill level 1 in Earth Magic
   747 | D:4      | Reached skill level 1 in Poison Magic
   782 | D:4      | Noticed a phantom
   799 | D:4      | Killed a phantom
   799 | D:4      | Reached XP level 5. HP: 37/43 MP: 5/7
   876 | D:5      | Entered Level 5 of the Dungeon
   881 | D:5      | Reached skill level 8 in Stealth
   895 | D:5      | Reached XP level 6. HP: 44/50 MP: 8/8
   902 | D:5      | Slain by an orc

Vault maps used:
D:1:      dpeg_cavernosity
D:2:      fedhas_altar_4
D:4:      eat_drink_and_be_merry_uskayaw, first_ration, uniq_ijyb,
          uniq_blork_the_orc
D:5:      bloody_makhleb, lemuel_temple_firewalk_a, serial_shops,
          kennysheep_little_box

Skill      XL: |  1  2  3  4  5  6 |
---------------+-------------------+-----
Long Blades    | 1 |  1.8
Axes           | 1 |  1.8
Maces & Flails | 1 |  1.8
Polearms       | 1 |  1.8
Staves         | 1 |  1.8
Slings         | 1 |  1.8
Bows           | 1 |  1.8
Crossbows      | 1 |  1.8
Armour         | 1 |  1.8
Shields        | 1 |  1.8
Unarmed Combat | 1 |  1.8
Spellcasting   | 1 |  1.8
Invocations    | 1 2 |  2.0
Evocations     | 1 |  1.8
Conjurations   | 1 |  1.4
Hexes          | 1 |  1.4
Charms         | 1 |  1.4
Summonings     | 1 |  1.4
Necromancy     | 1 |  1.4
Translocations | 1 |  1.4
Transmutations | 1 |  1.4
Fire Magic     | 1 |  1.4
Ice Magic      | 1 |  1.4
Air Magic      | 1 |  1.4
Earth Magic    | 1 |  1.4
Poison Magic   | 1 |  1.4
Dodging        | 3 |  3.1
Stealth        | 8 |  8.0
Fighting       | |  4.9
Short Blades   | |  4.9
Throwing       | |  4.9

Action                   |  1- 3 |  4- 6 || total
-------------------------+-------+-------++-------
Melee: Dagger            |    75 |    16 ||    91
       Bite              |     5 |     2 ||     7
       Punch             |     2 |     1 ||     3
       Trident           |       |    23 ||    23
 Fire: Blowgun           |     2 |     5 ||     7
Evoke: Wand              |       |     3 ||     3
  Use: Scroll            |       |     7 ||     7
       Potion            |       |     1 ||     1
 Stab: Sleeping          |     4 |     1 ||     5
Armor: Robe              |    16 |    19 ||    35
Dodge: Dodged            |    38 |    38 ||    76

Table legend:
 A = Spawn XP
 B = Non-spawn XP
 C = Spawn XP percentage of total XP
 D = Spawn monster count
 E = Non-spawn monster count
 F = Spawn count percentage of total count
 G = Total turns spent on level
                    A         B        C        D         E        F      G
               +---------+---------+-------+---------+---------+-------+---------
         Total |       0 |     359 |   0.0 |       0 |      32 |   0.0 |   902
               +---------+---------+-------+---------+---------+-------+---------
           D:1 |       0 |       5 |   0.0 |       0 |       3 |   0.0 |   123
           D:2 |       0 |      18 |   0.0 |       0 |       9 |   0.0 |   221
           D:3 |       0 |      74 |   0.0 |       0 |      13 |   0.0 |   326
           D:4 |       0 |     177 |   0.0 |       0 |       4 |   0.0 |   206
           D:5 |       0 |      85 |   0.0 |       0 |       3 |   0.0 |    26
               +---------+---------+-------+---------+---------+-------+---------
